 Dungeon Crawl Stone Soup version 0.24-a0-512-g2b48af375b (webtiles) character file.

Game seed: 7656424787130397699

37802 Gargoyl the Schismatic (level 13, -3/107 HPs)
             Began as a Centaur Abyssal Knight on July 19, 2019.
             Was an Elder of Lugonu.
             Engulfed by a cloud of poison gas (5 damage)
             ... on level 5 of the Lair of Beasts on July 20, 2019.
             The game lasted 00:37:07 (26658 turns).

Gargoyl the Schismatic (Centaur Abyssal Knight)    Turns: 26658, Time: 00:37:08

Health: -3/107     AC: 31    Str: 18    XL:     13   Next: 60%
Magic:  13/21      EV:  3    Int: 11    God:    Lugonu [****..]
Gold:   1012       SH:  0    Dex: 11    Spells: 12/12 levels left

rFire    . . .     SeeInvis .   u - +2 hand axe (elec)
rCold    . . .     Gourm    .   C - +0 shield
rNeg     . . .     Faith    .   B - +0 plate armour
rPois    .         Spirit   .   j - +1 helmet
rElec    .         Reflect  +   (no cloak)
rCorr    .         Harm     .   o - +0 pair of gloves
MR       .....                  p - +0 centaur barding
Stlth    ..........             I - +2 amulet of reflection
HPRegen  0.27/turn              d - +4 ring of protection
MPRegen  0.17/turn              v - +3 ring of protection

@: confused, lethally poisoned (-3 -> -48), very quick
A: large, hooves 3, icy blue scales 1, large bone plates 1, deformed body, speed
2, tough skin 3
a: Depart the Abyss, Bend Space, Banish, Corrupt, Renounce Religion


You were on level 5 of the Lair of Beasts.
You worshipped Lugonu.
Lugonu was greatly pleased with you.
You were hungry.

You visited 2 branches of the dungeon, and saw 15 of its levels.
You visited the Abyss 1 time.

You collected 1012 gold pieces.

Inventory:

Hand Weapons
 a - a +1 hand axe
 u - a +2 hand axe of electrocution (weapon)
 G - a +2 vampiric war axe
Missiles
 w - 7 boomerangs (quivered)
 D - 6 javelins
Armour
 j - a +1 helmet (worn)
 o - a +0 pair of gloves (worn)
 p - a +0 centaur barding (worn)
 B - a +0 plate armour (worn)
 C - a +0 shield (worn)
Jewellery
 d - a +4 ring of protection (left hand)
 n - an uncursed ring of protection from cold
 q - an uncursed ring of resist corrosion
 v - a +3 ring of protection (right hand)
 I - a +2 amulet of reflection (around neck)
Wands
 l - a wand of paralysis (2)
 t - a wand of iceblast (9)
 y - a wand of polymorph (6)
 E - a wand of flame (17)
Scrolls
 c - 6 scrolls of fear
 e - 6 scrolls of remove curse
 f - 3 scrolls of identify
 m - a scroll of fog
 s - 2 scrolls of magic mapping
 x - 2 scrolls of teleportation
Potions
 b - a potion of mutation
 h - a potion of invisibility
 k - 3 potions of haste
 z - 2 potions of resistance
 A - a potion of flight
 F - 4 potions of might
 H - 2 potions of agility
 K - a potion of magic {unknown}
Comestibles
 i - 28 rations


   Skills:
 + Level 8.2 Fighting
 + Level 9.9 Axes
   Level 0.9 Crossbows
 + Level 1.8 Throwing
 * Level 10.1 Armour
 * Level 7.0 Dodging
 + Level 5.5 Shields
 * Level 11.0 Invocations
 + Level 0.2 Evocations


You had 12 spell levels left.
You didn't know any spells.
Your spell library contained the following spells:

 Spells                   Type           Power        Failure   Level  Hunger
 Flame Tongue             Conj/Fire      #....        100%        1    ##.....
 Magic Dart               Conj           #...         100%        1    ##.....
 Summon Butterflies       Summ           #.......     100%        1    ##.....
 Blink                    Tloc           N/A          100%        2    ###....
 Call Imp                 Summ           #.......     100%        2    ###....
 Corpse Rot               Necr           N/A          100%        2    ###....
 Shroud of Golubria       Chrm/Tloc      #.....       100%        2    ###....
 Slow                     Hex            #.......     100%        2    ###....
 Sublimation of Blood     Necr           #.........   100%        2    ###....
 Call Canine Familiar     Summ           #.......     100%        3    ####...
 Conjure Flame            Conj/Fire      #.......     100%        3    ####...
 Dazzling Spray           Conj/Hex       #.....       100%        3    ####...
 Gell's Gravitas          Tloc           #.........   100%        3    ####...
 Lesser Beckoning         Tloc           #.........   100%        3    ####...
 Mephitic Cloud           Conj/Pois/Air  #.......     100%        3    ####...
 Teleport Other           Tloc           #.......     100%        3    ####...
 Fulminant Prism          Conj/Hex       #.........   100%        4    #####..
 Passage of Golubria      Tloc           N/A          100%        4    #####..
 Summon Ice Beast         Ice/Summ       #.......     100%        4    #####..
 Agony                    Necr           #.......     100%        5    ######.
 Bolt of Draining         Conj/Necr      #.........   100%        5    ######.
 Dispel Undead            Necr           #.......     100%        5    ######.
 Excruciating Wounds      Chrm/Necr      #.........   100%        5    ######.
 Summon Mana Viper        Hex/Summ       #.......     100%        5    ######.
 Ring of Flames           Chrm/Fire      #.........   100%        7    #######
 Summon Hydra             Summ           #.........   100%        7    #######


Dungeon Overview and Level Annotations

Branches:
Dungeon (9/15)             Temple (0/1) D:5            Lair (6/6) D:9
 Shoals (0/4) Lair:4        Snake (0/4) Lair:3        Slime (0/5) Lair:5
    Orc: D:9-12

Altars:
Ashenzari
Cheibriados
Dithmenos
Fedhas
Gozag
Hepliaklqana
Nemelex Xobeh
Ru
Sif Muna
Uskayaw
Vehumet
Xom

Annotations:
Abyss:1 Dowan


Innate Abilities, Weirdness & Mutations

You have hooves in place of feet.
Armour fits poorly on your strangely shaped body.
You cover ground very quickly.
You have extremely tough skin. (AC +3)
You are partially covered in icy blue scales. (AC +2)
You are partially covered in large bone plates. (SH +4)


Message History

You block the swamp dragon's attack.
You feel better.
You are engulfed in poison gas.
You are poisoned.
* * * LOW HITPOINT WARNING * * *
x2 You feel sick.
You block the swamp dragon's attack.
The swamp dragon claws you but does no damage.
The swamp dragon tramples you but does no damage.
Okay, then.
Press: ? - help, Shift-Dir - straight line, f/p - swamp dragon
Aim: a swamp dragon (poison gas, almost dead, catching its breath, chance to defeat MR: 75%)
The swamp dragon is devoured by a tear in reality.
Lugonu claims a new guest.
You feel somewhat more hungry.
You are engulfed in poison gas.
You are more poisoned.
* * * LOW HITPOINT WARNING * * *
x2 You feel very sick.
You are confused.
You feel invigorated.
You are engulfed in poison gas.
You are more poisoned.
You die...

###.....### #................
#......P..# #.#..............
#
#.........###.###............
# ###........#..#
##........... #
#.#####.....#####........[..
### #........#.......#####
######### #..°.°.........#..#
#
##..##..####...°>°#.#.....#.##
#......P.##....§@#####.÷....##
#........##..>.°..# #.#.....##
.........#.....#### ###...P..#
...........#..## ##....P#
..........#...## #.#...##
.......P.#..P#.# ###...##
.......P.....### ##...##
.......#......### #....P##
......#........P# ##.....#


There were no monsters in sight!

Vanquished Creatures
  Snorg (Lair:6)
  Josephine (Lair:6)
  Fannar (Lair:3)
  A catoblepas (Lair:6)
  6 death yaks
  Urug (Lair:6)
  A lindwurm (Lair:6)
  3 oklob plants (Lair:1)
  A manticore (Lair:4)
  3 elephants (Lair:2)
  2 torpor snails
  4 black mambas
  10 spiny frogs
  6 komodo dragons
  2 polar bears
  8 hippogriffs
  8 blink frogs
  A slime creature (Lair:5)
  Sigmund (D:5)
  Grum (D:9)
  3 wraiths (Lair:6)
  33 yaks
  3 wyverns
  6 basilisks
  A steam dragon (Lair:6)
  2 wargs
  2 acid dragons (Lair:6)
  Duvessa (D:7)
  15 water moccasins
  5 porcupines
  4 orc warriors
  2 sky beasts
  A swamp drake (Lair:6)
  2 ice beasts
  A black bear (D:7)
  An eye of draining (Abyss:1)
  2 phantoms
  A necrophage (D:7)
  4 wolves (D:9)
  A centaur (D:9)
  6 ogres
  13 crocodiles
  Blork the orc (D:6)
  2 big kobolds
  6 bullfrogs
  5 scorpions
  4 killer bees (D:8)
  An electric eel (Lair:1)
  3 howler monkeys
  2 crimson imps (D:5)
  2 bullfrog zombies
  6 hounds
  7 jellies
  5 orc priests
  5 orc wizards
  A centaur skeleton (D:5)
  An iguana (D:6)
  6 worker ants
  4 hound skeletons
  Robin (D:2)
  2 howler monkey skeletons
  12 adders
  A shadow imp (D:8)
  2 oozes
  2 adder zombies
  5 worms
  5 dart slugs
  8 leopard geckos
  30 orcs
  5 bats
  A giant cockroach (D:7)
  22 goblins
  14 hobgoblins
  18 jackals
  3 quokkas
  3 ball pythons
  3 frilled lizards
  13 kobolds
  A leopard gecko skeleton (D:5)
  A quokka skeleton (D:5)
  A quokka zombie (D:9)
  7 rats
  2 fungi (Lair:4)
  4 plants
398 creatures vanquished.

Vanquished Creatures (collateral kills)
  A bullfrog (Lair:2)
1 creature vanquished.

Vanquished Creatures (others)
  6 hydras
  A swamp dragon (Lair:5)
  A black mamba (Lair:3)
  A swamp drake (Lair:6)
  14 fungi
  22 plants
45 creatures vanquished.

Grand Total: 444 creatures vanquished

Notes
Turn   | Place    | Note
-------+----------+-------------------------------------------
     0 | Abyss:1  | Gargoyl the Centaur Abyssal Knight began the quest for the
                  | Orb.
     0 | Abyss:1  | Reached XP level 1. HP: 19/19 MP: 2/2
   120 | Abyss:1  | Noticed an eye of draining
   137 | Abyss:1  | Noticed a raiju
   143 | Abyss:1  | Killed an eye of draining
   143 | Abyss:1  | Reached XP level 2. HP: 27/27 MP: 0/4
   143 | Abyss:1  | Reached XP level 3. HP: 33/33 MP: 0/5
   143 | Abyss:1  | Reached XP level 4. HP: 40/40 MP: 0/6
   144 | D:1      | Escaped the Abyss
   238 | D:1      | Reached skill level 3 in Invocations
   255 | D:1      | Reached * piety under Lugonu
  1234 | D:2      | Reached XP level 5. HP: 41/46 MP: 7/7
  1290 | D:2      | Reached skill level 1 in Dodging
  1382 | D:2      | Reached ** piety under Lugonu
  1946 | D:2      | Noticed an ice beast
  1948 | D:2      | Noticed Robin
  1966 | D:2      | Killed Robin
  2007 | D:2      | HP: 1/47 [ice beast (5)]
  2342 | D:2      | Killed an ice beast
  2342 | D:2      | Reached XP level 6. HP: 41/53 MP: 8/8
  2491 | D:2      | Found a hazy altar of Hepliaklqana.
  4010 | D:4      | Reached XP level 7. HP: 33/60 MP: 9/9
  4246 | D:4      | Reached *** piety under Lugonu
  4491 | D:4      | Reached skill level 4 in Invocations
  4603 | D:4      | Found a shadowy altar of Dithmenos.
  4606 | D:4      | Found a deep blue altar of Sif Muna.
  4609 | D:4      | Found a hide-covered altar of Uskayaw.
  4964 | D:5      | Entered Level 5 of the Dungeon
  5396 | D:5      | Found a snail-covered altar of Cheibriados.
  5679 | D:5      | Found a staircase to the Ecumenical Temple.
  6063 | D:5      | Reached skill level 5 in Fighting
  6063 | D:5      | Reached XP level 8. HP: 16/68 MP: 11/11
  7005 | D:5      | Gained mutation: You are partially covered in large bone
                  | plates. (SH +4) [potion of mutation]
  7005 | D:5      | Gained mutation: You are partially covered in icy blue
                  | scales. (AC +2) [potion of mutation]
  7240 | D:5      | Noticed Sigmund
  7264 | D:5      | Killed Sigmund
  7264 | D:5      | Reached skill level 5 in Axes
  7264 | D:5      | Reached skill level 5 in Invocations
  7791 | D:6      | Noticed Blork the orc
  7797 | D:6      | Found a blossoming altar of Fedhas.
  7808 | D:6      | Killed Blork the orc
  7808 | D:6      | Reached **** piety under Lugonu
  8155 | D:6      | Reached skill level 1 in Shields
  8194 | D:6      | Found an opulent altar of Gozag.
  8402 | D:7      | Noticed a six-headed hydra
  8415 | D:7      | Banished a seven-headed hydra
  8415 | D:7      | Reached skill level 5 in Armour
  8415 | D:7      | Reached XP level 9. HP: 52/75 MP: 8/13
  8747 | D:7      | Reached skill level 6 in Invocations
  8794 | D:7      | Noticed Dowan
  8794 | D:7      | Noticed Duvessa
  8822 | D:7      | Killed Duvessa
  8824 | D:7      | Banished Dowan
  9385 | D:7      | Found a shimmering altar of Xom.
 10467 | D:8      | Found a sparkling altar of Nemelex Xobeh.
 10719 | D:8      | Found a radiant altar of Vehumet.
 10766 | D:8      | Found a sacrificial altar of Ru.
 11196 | D:8      | Reached XP level 10. HP: 59/83 MP: 15/15
 12053 | D:9      | Reached skill level 7 in Invocations
 12262 | D:9      | Found a staircase to the Lair.
 12836 | D:9      | Noticed Grum
 12859 | D:9      | Killed Grum
 13185 | D:9      | Found a shattered altar of Ashenzari.
 13224 | D:9      | Reached ***** piety under Lugonu
 13344 | Lair:1   | Entered Level 1 of the Lair of Beasts
 13672 | Lair:1   | Noticed an oklob plant
 13674 | Lair:1   | Noticed an oklob plant
 13674 | Lair:1   | Noticed an oklob plant
 13674 | Lair:1   | Noticed a seven-headed hydra
 13701 | Lair:1   | Banished a seven-headed hydra
 13929 | Lair:1   | Killed an oklob plant
 13929 | Lair:1   | Reached skill level 8 in Invocations
 13929 | Lair:1   | Reached XP level 11. HP: 44/91 MP: 15/17
 14174 | Lair:1   | Killed an oklob plant
 14226 | Lair:1   | Identified the Incunabulum of the Enchanting Volcanoes
 14232 | Lair:1   | Killed an oklob plant
 14322 | Lair:1   | Reached skill level 5 in Dodging
 14967 | Lair:1   | Reached skill level 1 in Throwing
 17413 | Lair:2   | Noticed a four-headed hydra
 17416 | Lair:2   | Banished a four-headed hydra
 17606 | Lair:2   | Reached skill level 9 in Invocations
 17646 | Lair:3   | Noticed an eight-headed hydra
 17651 | Lair:2   | Banished an eight-headed hydra
 17912 | Lair:3   | Reached XP level 12. HP: 87/100 MP: 18/18
 18019 | Lair:3   | Found a staircase to the Snake Pit.
 18080 | Lair:3   | HP: 5/100 [poisoned by a water moccasin]
 18089 | Lair:3   | HP: 5/100 [poisoned by a water moccasin]
 18094 | Lair:3   | HP: 5/100 [poisoned by a water moccasin]
 18100 | Lair:3   | HP: 5/100 [poisoned by a water moccasin]
 18106 | Lair:3   | HP: 5/100 [poisoned by a water moccasin]
 18945 | Lair:3   | Noticed Fannar
 18966 | Lair:3   | Killed Fannar
 19587 | Lair:4   | Upgraded the game from 0.24-a0-507-g3e8b242632 to
                  | 0.24-a0-512-g2b48af375b
 19834 | Lair:4   | Noticed a seven-headed hydra
 19838 | Lair:4   | Banished a seven-headed hydra
 20040 | Lair:4   | Found a staircase to the Shoals.
 20711 | Lair:4   | Noticed a seven-headed hydra
 20713 | Lair:4   | Banished a seven-headed hydra
 20713 | Lair:4   | Reached skill level 10 in Invocations
 21696 | Lair:5   | Noticed a death yak
 21696 | Lair:5   | Noticed a death yak
 21697 | Lair:5   | Noticed a death yak
 21697 | Lair:5   | Noticed a death yak
 21697 | Lair:5   | Noticed a death yak
 22133 | Lair:3   | Killed a death yak
 22211 | Lair:4   | Killed a death yak
 22469 | Lair:4   | Killed a death yak
 22981 | Lair:5   | Found a staircase to the Slime Pits.
 23017 | Lair:5   | Killed a death yak
 23017 | Lair:5   | Reached XP level 13. HP: 87/107 MP: 20/20
 23318 | Lair:6   | Entered Level 6 of the Lair of Beasts
 23318 | Lair:6   | Noticed Urug
 23332 | Lair:6   | Killed Urug
 23387 | Lair:6   | Reached skill level 5 in Shields
 23887 | Lair:6   | Noticed Josephine
 23914 | Lair:6   | Killed Josephine
 24737 | Lair:6   | Noticed Snorg
 24793 | Lair:6   | Killed Snorg
 25217 | Lair:6   | Reached skill level 10 in Armour
 25927 | Lair:6   | Noticed a fire dragon
 26528 | Lair:5   | Reached skill level 11 in Invocations
 26657 | Lair:5   | HP: 4/107 [something (7)]
 26658 | Lair:5   | Engulfed by a cloud of poison gas

Levels and vault maps discovered:
D:1:      wander_arrival_peaceful_grave, layout_basic
D:2:      layout_loops_cross, lemuel_round_altar, uniq_robin
D:3:      layout_basic
D:4:      layout_loops_corners, grunt_temple_overflow_diamond
D:5:      layout_loops_corners, kennysheep_slug_shrine,
          minmay_temple_entry_trees, first_ration, uniq_sigmund
D:6:      layout_rooms, fedhas_altar_1, kennysheep_little_box,
          uniq_blork_the_orc
D:7:      layout_gridville, xom_teletrap_fun, enter_bailey_3,
          lightli_orcish_oven, uniq_duvessa
D:8:      layout_basic, kennysheep_mini_moat, marbit_many_paths,
          kennysheep_mini, serial_corexii_hall, corexii_hall_statues_i,
          chequers_hall_statues_wall_a
D:9:      layout_basic, lemuel_coloured_pillars_altar,
          erik_lair_orcish_takeover, grunt_ogre_cave, uniq_grum
Lair:1:   layout_chaotic_city, minmay_lair_oklob_chamber, serial_bayou_shore_a
Lair:2:   layout_long_grid, st_stairs_3
Lair:3:   layout_chaotic_city, minmay_snake_entry_six_corridors, uniq_fannar
Lair:4:   layout_regular_city, minmay_shoals_entry_beasts, beast_lair_carwin_11
Lair:5:   layout_cave_pods, minmay_slime_entry_pillars, grunt_megastairs_2,
          lemuel_fruit_tree
Lair:6:   wormcave, layout_cave_pods, guppyfry_lair_end_dragon, uniq_josephine,
          uniq_urug, uniq_snorg

Skill      XL: |  1  2  3  4  5  6  7  8  9 10 11 12 13 |
---------------+----------------------------------------+-----
Fighting       | 4 5 6 7 8 |  8.2
Axes           | 2 3 4 5 6 7 8 9 |  9.9
Invocations    | 3 4 5 6 8 9 10 11 | 11.0
Armour         | 2 3 4 5 6 8 9 10 | 10.1
Dodging        | 1 2 3 4 5 6 7 |  7.0
Shields        | 1 2 3 4 5 |  5.5
Throwing       | 1 |  1.8
Crossbows      | |  0.9
Evocations     | |  0.2

Action                   |  1- 3 |  4- 6 |  7- 9 | 10-12 | 13-15 || total
-------------------------+-------+-------+-------+-------+-------++-------
Melee: Hand axe          |    12 |   288 |   613 |   808 |   259 ||  1980
       Kick              |     5 |    53 |   156 |   230 |    87 ||   531
       War axe           |       |       |       |     7 |       ||     7
 Fire: Hand crossbow     |       |       |    34 |       |       ||    34
Throw: Boomerang         |       |       |       |    20 |     3 ||    23
Invok: Depart the Abyss  |       |     1 |       |       |       ||     1
       Bend Space        |       |     1 |       |     1 |       ||     2
       Banish            |       |       |     3 |    14 |     2 ||    19
 Abil: Evoke Berserk Rag |       |       |       |     1 |       ||     1
Evoke: Wand              |       |       |       |     4 |       ||     4
  Use: Scroll            |       |     7 |     9 |    15 |     2 ||    33
       Potion            |       |     2 |     4 |     1 |     6 ||    13
 Stab: Petrified         |       |       |       |       |     7 ||     7
       Petrifying        |       |       |       |       |     1 ||     1
  Eat: Ration            |       |     1 |     1 |     7 |     2 ||    11
       Chunk             |       |     5 |    17 |    15 |     4 ||    41
Armor: Leather armour    |       |    41 |       |       |       ||    41
       Ring mail         |       |    98 |     4 |       |       ||   102
       Chain mail        |       |       |   409 |   256 |       ||   665
       Plate armour      |       |       |       |   371 |   152 ||   523
Dodge: Dodged            |       |   112 |   108 |   106 |    20 ||   346
Block: Buckler           |       |    31 |   158 |   272 |       ||   461
       Shield            |       |       |       |   111 |   163 ||   274
       Reflection        |       |       |       |       |     1 ||     1

Table legend:
 A = Non-vault XP
 B = Vault XP
 C = Vault XP percentage of total XP
 D = Non-vault monster count
 E = Vault monster count
 F = Vault count percentage of total count
                 A         B        C        D         E       F
            +---------+---------+-------+---------+---------+-------
      Total |   37768 |   16235 |  30.1 |     308 |      95 |  23.6
            +---------+---------+-------+---------+---------+-------
        D:1 |      58 |       0 |   0.0 |      30 |       0 |   0.0
        D:2 |     219 |      36 |  14.1 |      30 |      13 |  30.2
        D:3 |      75 |       0 |   0.0 |      15 |       0 |   0.0
        D:4 |     476 |       0 |   0.0 |      14 |       0 |   0.0
        D:5 |     952 |     216 |  18.5 |      30 |       2 |   6.2
        D:6 |     311 |      96 |  23.6 |       9 |       1 |  10.0
        D:7 |    1610 |     374 |  18.9 |      26 |      11 |  29.7
        D:8 |    1048 |     308 |  22.7 |      27 |       2 |   6.9
        D:9 |    3605 |    1182 |  24.7 |      27 |      14 |  34.1
     Lair:1 |    2482 |    2225 |  47.3 |      13 |       5 |  27.8
     Lair:2 |    5589 |     147 |   2.6 |      17 |       1 |   5.6
     Lair:3 |    3013 |    2818 |  48.3 |      10 |      16 |  61.5
     Lair:4 |    5232 |    1335 |  20.3 |      17 |       5 |  22.7
     Lair:5 |    5726 |    2355 |  29.1 |      19 |      10 |  34.5
     Lair:6 |    7248 |    5143 |  41.5 |      23 |      15 |  39.5
    Abyss:1 |     124 |       0 |   0.0 |       1 |       0 |   0.0
            +---------+---------+-------+---------+---------+-------
